 Dungeon Sprint DCSS version 0.31-a0-37-g98a128e1d9 (webtiles) character file.

Game seed: 26369882194014171

165 sircluck the Ruffian (level 5, -3/57 (58) HPs)
             Began as a Troll Berserker on May 15, 2023.
             Was an Elder of Trog.
             Slain by a flying skull (10 damage)
             ... in the Dungeon (Sprint VII: "The Pits").
             The game lasted 00:00:44 (218 turns).

sircluck the Ruffian (Troll Berserker)               Turns: 218, Time: 00:00:44

HP:   -3/57 (58)    AC:  4    Str: 27    XL:     5   Next: 21%
MP:   4/4           EV: 11    Int:  3    God:    Trog [****..]
Gold: 0             SH:  0    Dex:  9    Spells: 4/4 levels left

rFire   . .          .
                       - Unarmed
rCold   . . .        (no shield)
rNeg    . . .        a - +0 animal skin
rPois   .            (helmet restricted)
rElec   .            (no cloak)
rCorr   .            (gloves unavailable)
SInv    .            (boots unavailable)
Will    .....        (no amulet)
Stlth   +            (no ring)
HPRegen 1.09/turn    (no ring)
MPRegen 0.09/turn

%: no teleportation
@: on berserk cooldown, lightly drained
A: large, unfitting armour, claws 3, regeneration 1, shaggy fur 1, tough skin 1
a: Renounce Religion, Berserk, Trog's Hand, Brothers in Arms


You were in the Dungeon.
You worshipped Trog.
Trog was greatly pleased with you.
You visited 1 branch

Inventory:

Armour
 a - a +0 animal skin (worn)
Scrolls
 g - a scroll of blinking
 i - a scroll of butterflies
Potions
 b - 6 potions of curing
 c - 6 potions of heal wounds
 d - a potion of haste
 e - 4 potions of magic
 f - 3 potions of berserk rage
 h - 2 potions of invisibility


   Skills:
 + Level 5.6 Fighting
 + Level 5.3 Dodging
 + Level 7.2 Unarmed Combat


You had 4 spell levels left.
You didn't know any spells.
Your spell library was empty.

Dungeon Overview and Level Annotations

Branches:
Dungeon (1/1)

Altars:
Cheibriados
Dithmenos
Elyvilon
Fedhas
Gozag
Hepliaklqana
Makhleb
Nemelex Xobeh
Okawaru
Qazlal
Ru
Sif Muna
Trog
Wu Jian
Xom
Yredelemnul
Zin
The Shining One
Jiyva


Innate Abilities, Weirdness & Mutations

You are too large for most types of armour.
You have claws for hands.
Your natural rate of healing is unusually fast.
You are covered in fur. (AC +1)
You have tough skin. (AC +1)


Message History

Unknown command.
You feel a strong urge to attack something.
You feel your anger nearly subside.
You are no longer berserk.
You are exhausted.
You feel yourself slow down.
There is an open door here. 2 wights and a flying skull come into view.
You barely miss the wight. The wight misses you.
You claw the wight!
The wight is heavily damaged.
The wight misses you. The wight hits you with a +2 flail!
The wight attacks as you move away! The wight barely misses you.
The wight attacks as you move away! The wight misses you.
The wight attacks as you move away! The wight hits you with a +2 flail.
You feel drained. The wight attacks as you move away!
The wight closely misses you. The wight hits you with a +2 flail.
There is an open door, spattered with blood here.
The wight attacks as you move away! The wight hits you with a +2 flail!
The flying skull completely misses you. The flying skull hits you!
The flying skull barely misses you. The flying skull hits you!
You barely miss the flying skull. The flying skull barely misses you.
The flying skull hits you!
You scratch the flying skull.
The flying skull is lightly damaged.
The flying skull barely misses you.
You claw the flying skull! Your claw misses the flying skull.
The flying skull is heavily damaged.
You feel yourself speed up. The flying skull hits you.
* * * LOW HITPOINT WARNING * * *
The flying skull hits you but does no damage.
You miss the flying skull.
The flying skull is heavily damaged.
The flying skull hits you!
* * * LOW HITPOINT WARNING * * *
The flying skull hits you!
You die...

##########.##.....
#..........†'.....
#'#####†#####.....
#)#..#.)...##.....
#.#))#####'#####'#
#.#))#...†.##.....
#.#))#.....##.....
#.#[[###)####.....
#@##'#.)...##...<.
#z#........##.....
#z#........##.....
#z###########.....
#.......# ######
#..#.#..# #.## #
#.......#
#.##.##.#


You could see a flying skull and 2 wights.

Vanquished Creatures
  A scorpion (D)
  A wight (D)
  2 gnolls (D)
  2 river rats (D)
  An adder zombie (D)
  An endoplasm (D)
  3 jackals (D)
  A kobold (D)
  A quokka (D)
  A bat (D)
14 creatures vanquished.

Notes
Turn   | Place    | Note
-------+----------+-------------------------------------------
     0 | D        | sircluck the Troll Berserker began the quest for the Orb.
     0 | D        | Reached XP level 1. HP: 22/22 MP: 0/0
    12 | D        | Noticed a demonic crawler
    12 | D        | Noticed a tyrant leech
    32 | D        | Reached XP level 2. HP: 31/31 MP: 1/1
    55 | D        | Found a bloodstained altar of Trog.
    55 | D        | Found a shimmering blue altar of Sif Muna.
    55 | D        | Found a viscous altar of Jiyva.
    55 | D        | Found a hazy altar of Hepliaklqana.
    55 | D        | Found an opulent altar of Gozag.
    56 | D        | Found a glowing golden altar of the Shining One.
    56 | D        | Found a glowing silver altar of Zin.
    56 | D        | Found a basalt altar of Yredelemnul.
    56 | D        | Found a shimmering altar of Xom.
    56 | D        | Found an ornate altar of the Wu Jian Council.
    56 | D        | Found a sacrificial altar of Ru.
    56 | D        | Found a stormy altar of Qazlal.
    56 | D        | Found an iron altar of Okawaru.
    56 | D        | Found a sparkling altar of Nemelex Xobeh.
    56 | D        | Found a burning altar of Makhleb.
    56 | D        | Found a blossoming altar of Fedhas.
    56 | D        | Found a white marble altar of Elyvilon.
    56 | D        | Found a shadowy altar of Dithmenos.
    56 | D        | Found a snail-covered altar of Cheibriados.
    69 | D        | Reached ** piety under Trog
    70 | D        | Reached skill level 4 in Unarmed Combat
    93 | D        | Reached *** piety under Trog
   106 | D        | Reached XP level 3. HP: 19/39 MP: 2/2
   120 | D        | Reached **** piety under Trog
   121 | D        | Reached skill level 5 in Unarmed Combat
   174 | D        | Noticed a wight
   174 | D        | Noticed a scorpion
   189 | D        | Killed a wight
   190 | D        | Reached skill level 6 in Unarmed Combat
   190 | D        | Reached XP level 4. HP: 49/49 MP: 3/3
   195 | D        | Killed a scorpion
   196 | D        | Reached skill level 5 in Fighting
   196 | D        | Reached skill level 5 in Dodging
   196 | D        | Reached skill level 7 in Unarmed Combat
   196 | D        | Reached XP level 5. HP: 58/58 MP: 4/4
   206 | D        | Noticed a flying skull
   218 | D        | Slain by a flying skull

Illustrated notes

Levels and vault maps discovered:
D:        pitsprint [storerooms_1, entrance_room_1, metal_vault_8, armoury_3,
          mini_pit_1, grid_room_1, main_hall_1, silver_pit, the_coven_1,
          the_vestibule_1, steel_vault_2, golden_pit, hallway_of_sentries,
          crystal_vault_2, iron_vault_2, final_vault]

Skill      XL: |  1  2  3  4 |
---------------+-------------+-----
Fighting       | 3 4 5 |  5.6
Dodging        | 3 4 5 |  5.3
Unarmed Combat | 4 6 7 |  7.2

Action                     |  1- 3 |  4- 6 || total
---------------------------+-------+-------++-------
  Melee: Unarmed           |    42 |    11 ||    53
         Punch             |       |     1 ||     1
 Invoke: Berserk           |     1 |       ||     1
 Armour: Animal skin       |    16 |     1 ||    17
  Dodge: Dodged            |    29 |    11 ||    40

Table legend: (Time is in decaauts)
 A = Elapsed time spent in this place.
 B = Non-inter-level travel time spent in this place.
 C = Inter-level travel time spent in this place.
 D = Time resting spent in this place.
 E = Time spent auto-exploring this place.
 F = Levels seen in this place.
 G = Mean time per level.
                   A        B        C        D        E       F      G
               +--------+--------+--------+--------+--------+-----+--------+
         Total |    218 |    218 |      0 |      0 |     79 |   1 |  218.0 |
       Dungeon |    218 |    218 |      0 |      0 |     79 |   1 |  218.0 |
               +--------+--------+--------+--------+--------+-----+--------+

Top non-repeatable levels by time:
       D: 218 daAuts
